 Dungeon Crawl Stone Soup version 0.29-a0-757-g358383bc75 (webtiles) character file.

Game seed: 2164159067900275403

12693 scionoferis the Thaumaturge (level 11, -14/86 HPs)
             Began as a Purple Draconian Conjurer on June 30, 2022.
             Was an Elder of Vehumet.
             Demolished by an entropy weaver simulacrum (19 damage)
             ... in an ice cave.
             The game lasted 01:23:39 (16223 turns).

scionoferis the Thaumaturge (DrCj)                 Turns: 16223, Time: 01:23:41

Health: -14/86     AC: 12    Str:  8    XL:     11   Next: 65%
Magic:  19/24      EV: 15    Int: 21    God:    Vehumet [****..]
Gold:   867        SH:  0    Dex: 15    Spells: 7/29 levels left

rFire   . . .      SeeInvis .   o - +1 scimitar (elec)
rCold   + . .      Faith    .   (no shield)
rNeg    . . .      Spirit   .   (body armour unavailable)
rPois   +          Reflect  .   n - +1 hat
rElec   .          Harm     .   (no cloak)
rCorr   .          Rampage  .   j - +0 pair of gloves
Will    +....                   Q - +2 pair of boots
Stlth   +++.......              z - amulet of magic regeneration
HPRegen 0.24/turn               l - ring of protection from cold
MPRegen 0.59/turn               F - ring of wizardry

@: no status effects
A: breathe power, AC +7, unfitting armour, cold-blooded, stinger 1, agile 1,
poison resistance
a: Breathe Dispelling Energy, Renounce Religion


You were in an ice cave.
You worshipped Vehumet.
Vehumet was greatly pleased with you.
You visited 3 branches of the dungeon, and saw 13 of its levels.
You also visited: Ice Cave.

You collected 867 gold pieces.

Inventory:

Hand Weapons
 o - a +1 scimitar of electrocution (weapon)
 B - a +1 dagger of venom
 N - a +0 shortbow
Missiles
 a - 12 poisoned darts (quivered)
 E - 4 throwing nets
 O - a curare-tipped dart
Armour
 j - a +0 pair of gloves (worn)
 n - a +1 hat (worn)
 Q - a +2 pair of boots (worn)
Magical Staves
 e - a staff of fire
Jewellery
 l - a ring of protection from cold (left hand)
 z - an amulet of magic regeneration (around neck)
 F - a ring of wizardry (right hand)
 I - an amulet of regeneration
Wands
 b - a wand of iceblast (19)
 p - a wand of digging (7)
 J - a wand of paralysis (17)
 P - a wand of polymorph (4)
 R - a wand of flame (9)
Scrolls
 c - 3 scrolls of torment {unknown}
 f - 2 scrolls of enchant weapon {unknown}
 k - 5 scrolls of fog
 m - 5 scrolls of teleportation
 s - 2 scrolls of blinking {unknown}
 y - 2 scrolls of magic mapping
 G - 2 scrolls of fear
Potions
 i - 4 potions of heal wounds
 t - 2 potions of haste
 u - 2 potions of might
 v - a potion of curing
 A - a potion of flight {unknown}
 D - 6 potions of brilliance
 H - a potion of cancellation {unknown}


   Skills:
 - Level 5.0 Fighting
 + Level 3.8(4.6) Short Blades
 + Level 3.8(4.6) Long Blades
 + Level 6.9 Dodging
 - Level 4.0 Stealth
 + Level 9.6 Spellcasting
 + Level 8.3 Conjurations
 - Level 5.0 Hexes
 + Level 5.9 Necromancy
 - Level 4.0 Fire Magic
 + Level 5.8 Earth Magic


You had 7 spell levels left.
You knew the following spells:

 Your Spells              Type           Power      Damage    Failure   Level
a - Magic Dart            Conj           100%       1d8       1%          1
b - Searing Ray           Conj           90%        2d7       1%          2
c - Fulminant Prism       Conj/Hex       19%        3d11      1%          4
d - Scorch                Fire           52%        2d8       1%          2
e - Foxfire               Conj/Fire      100%       2x1d9     1%          1
f - Borgnjor's Vile Clut  Necr/Erth      17%        N/A       7%          5
g - Stone Arrow           Conj/Erth      78%        3d11      1%          3
h - Flame Wave            Conj/Fire      36%        2d9       1%          4

Your spell library contained the following spells:

 Spells                   Type           Power      Damage    Failure   Level
 Conjure Flame            Conj/Fire      36%        6-21      1%          3
 Slow                     Hex            100%       N/A       1%          1
 Poisonous Vapours        Pois/Air       20%        N/A       1%          2
 Confusing Touch          Hex            31%        N/A       1%          3
 Dazzling Flash           Conj/Hex       76%        N/A       1%          3
 Vampiric Draining        Necr           34%        2d8       1%          3
 Iskenderun's Mystic Bla  Conj/Tloc      27%        2d7       1%          4
 Corpse Rot               Necr/Pois/Air  18%        N/A       12%         4
 Alistair's Intoxication  Tmut/Pois      6%         N/A       56%         5
 Summon Forest            Summ/Tloc      5%         N/A       56%         5
 Eringya's Noxious Bog    Tmut/Pois      5%         N/A       65%         6
 Summon Cactus Giant      Summ           5%         N/A       98%         6
 Disjunction              Tloc           5%         N/A       100%        8
 Chain Lightning          Conj/Air       13%        3d18      100%        9
 Fire Storm               Conj/Fire      18%        8d5       100%        9
 Shatter                  Erth           17%        3d16*     100%        9


Dungeon Overview and Level Annotations

Branches:
Dungeon (11/15)            Temple (1/1) D:5            Lair (1/6) D:11
  IceCv (1/1)
    Orc: D:9-12

Altars:
Ashenzari
Cheibriados
Dithmenos
Elyvilon
Fedhas
Gozag
Kikubaaqudgha
Makhleb
Nemelex Xobeh
Okawaru
Qazlal
Ru
Sif Muna
Trog
Uskayaw
Vehumet
Wu Jian
Xom
Yredelemnul
Zin
The Shining One

Annotations:
Temple 2 transporters


Innate Abilities, Weirdness & Mutations

You can breathe bolts of dispelling energy.
Your rich purple scales are hard. (AC +7)
You cannot fit into any form of body armour.
You are cold-blooded and may be slowed by cold attacks.
Your tail ends in a venomous barb.
You are agile. (Dex +4, Str/Int -1)
Your system is resistant to poisons. (rPois)


Message History

Casting: Scorch (safe; 1% risk of failure)
Confirm with . or Enter, or press ? or * to list all spells.
Okay, then.
Press: ? - help, v - describe, . - travel
Here: an entropy weaver simulacrum (lightly damaged, more vulnerable to fire)
The floor.
Casting: Scorch (safe; 1% risk of failure)
Confirm with . or Enter, or press ? or * to list all spells.
Okay, then.
This spell is dangerous to cast!
Memorise Iskenderun's Mystic Blast, consuming 4 spell levels and leaving 3?
You start memorising the spell.
You continue memorising.
The entropy weaver simulacrum misses you.
The entropy weaver simulacrum hits you but does no damage.
Your memorisation is interrupted.
The entropy weaver simulacrum hits you but does no damage.
The entropy weaver simulacrum hits you.
The entropy weaver simulacrum freezes you!!
You resist.
Casting: Scorch (safe; 1% risk of failure)
Confirm with . or Enter, or press ? or * to list all spells.
Casting: Flame Wave (mildly dangerous; 1% risk of failure)
Press: ? - help, Dir - look around, f - activate A wave of flame ripples out!
The flame wave engulfs the entropy weaver simulacrum.
The entropy weaver simulacrum melts!
The entropy weaver simulacrum is moderately damaged. (Press . to intensify the flame waves.)
The entropy weaver simulacrum hits you.
The entropy weaver simulacrum freezes you!
You resist. The entropy weaver simulacrum hits you.
* * * LOW HITPOINT WARNING * * *
The entropy weaver simulacrum freezes you!
You resist.
* * * LOW HITPOINT WARNING * * *
The entropy weaver simulacrum hits you!
* * * LOW HITPOINT WARNING * * *
The entropy weaver simulacrum freezes you!!
You resist.
You die...

## ##
.#####.
....Z
... #.#
##Z##
##..@##
#..∩..#
##.∩.##
#####


You could see an entropy weaver simulacrum (combustible).

Vanquished Creatures
  A two-headed ogre (D:8)
  A cyclops (D:11)
  A manticore (D:11)
  A gargoyle (D:10)
  A cane toad (Lair:1)
  An unseen horror (D:11)
  A kobold demonologist (D:9)
  A komodo dragon (D:11)
  A troll (D:11)
  A hornet (D:8)
  2 wyverns
  15 yaks
  3 wraiths
  A basilisk (D:11)
  2 steam dragons
  5 vampire mosquitoes
  An acid dragon (D:11)
  2 demonic crawler simulacra (IceCv)
  A water moccasin (D:8)
  4 orc warriors
  A black bear (D:7)
  A sky beast (D:7)
  2 ice beasts
  An ogre (D:6)
  6 centaurs
  2 phantoms
  Blork the orc (D:5)
  A kobold brigand (D:9)
  2 gnoll sergeants (D:8)
  2 scorpions
  A necrophage (D:6)
  6 bullfrogs
  13 wights
  17 killer bees
  4 vampire bats (D:5)
  4 howler monkeys
  4 hounds
  4 jellies
  3 orc priests
  4 gnoll shamans
  2 iguanas
  13 orc wizards
  10 adders
  28 gnolls
  A shadow imp (D:8)
  A white imp (D:6)
  A worm (D:3)
  A dart slug (D:3)
  35 orcs
  2 ball pythons
  4 endoplasms
  A giant cockroach (D:2)
  3 goblins
  2 hobgoblins (D:1)
  3 jackals (D:1)
  3 quokkas
  10 bats
  4 frilled lizards
  5 kobolds
  4 rats
258 creatures vanquished.

Vanquished Creatures (others)
  4 foxfires
  52 fulminant prisms
56 creatures vanquished.

Grand Total: 314 creatures vanquished

Notes
Turn   | Place    | Note
-------+----------+-------------------------------------------
     0 | D:1      | scionoferis the Draconian Conjurer began the quest for the
                  | Orb.
     0 | D:1      | Reached XP level 1. HP: 14/14 MP: 3/3
   284 | D:1      | Reached XP level 2. HP: 19/22 MP: 3/5
   289 | D:1      | Learned a level 2 spell: Searing Ray
  1199 | D:2      | Reached skill level 1 in Fighting
  1249 | D:2      | Reached XP level 3. HP: 28/28 MP: 2/6
  1386 | D:2      | HP: 1/28 [gnoll/+0 spear (3)]
  2076 | D:2      | Reached XP level 4. HP: 31/35 MP: 2/8
  2865 | D:3      | Found a hide-covered altar of Uskayaw.
  2867 | D:3      | Found an ancient bone altar of Kikubaaqudgha.
  2883 | D:3      | Found a blossoming altar of Fedhas.
  2909 | D:3      | Reached skill level 3 in Spellcasting
  3333 | D:3      | Reached XP level 5. HP: 41/41 MP: 4/9
  4222 | D:4      | Learned a level 4 spell: Fulminant Prism
  4420 | D:4      | Found a shimmering blue altar of Sif Muna.
  4495 | D:4      | Reached XP level 6. HP: 48/48 MP: 7/11
  4973 | D:5      | Entered Level 5 of the Dungeon
  4973 | D:5      | Noticed Blork the orc
  4973 | D:5      | Noticed an ice beast
  5508 | D:5      | Reached skill level 4 in Spellcasting
  5535 | D:5      | Learned a level 2 spell: Scorch
  5549 | D:5      | Gained mutation: You passively map a small area around you.
                  | [potion of mutation]
  5549 | D:5      | Gained mutation: Your muscles are strong. (Str +4, Int/Dex
                  | -1) [potion of mutation]
  5549 | D:5      | Gained mutation: You have large cloven feet. [potion of
                  | mutation]
  5556 | D:5      | Killed an ice beast
  5557 | D:5      | Reached skill level 1 in Hexes
  5646 | D:5      | Reached skill level 5 in Conjurations
  5646 | D:5      | Your scales start taking on a rich purple colour.
  5646 | D:5      | Reached skill level 5 in Spellcasting
  5646 | D:5      | Reached XP level 7. HP: 28/56 MP: 8/14
  5889 | D:5      | Killed Blork the orc
  5984 | D:5      | Found a staircase to the Ecumenical Temple.
  5993 | Temple   | Entered the Ecumenical Temple
  5993 | Temple   | Found a transporter.
  5993 | Temple   | Found a transporter.
  5995 | Temple   | Found a transporter.
  5995 | Temple   | Found a transporter.
  6019 | Temple   | Became a worshipper of Vehumet
  6193 | D:5      | Reached skill level 1 in Fire Magic
  6282 | D:5      | Reached skill level 6 in Spellcasting
  6310 | D:5      | Reached XP level 8. HP: 63/63 MP: 13/17
  7059 | D:6      | Reached * piety under Vehumet
  7059 | D:6      | Offered knowledge of Foxfire by Vehumet.
  7062 | D:6      | Learned a level 1 spell: Foxfire
  7068 | D:6      | Learned a level 5 spell: Borgnjor's Vile Clutch
  7239 | D:6      | You fall into a shaft and drop 2 floors!
  7372 | D:8      | Reached skill level 1 in Necromancy
  7372 | D:8      | Reached skill level 1 in Earth Magic
  7656 | D:8      | Reached skill level 7 in Spellcasting
  7744 | D:7      | Reached XP level 9. HP: 72/72 MP: 13/19
  7775 | D:7      | Found a shimmering altar of Xom.
  8658 | D:7      | Reached ** piety under Vehumet
  8658 | D:7      | Offered knowledge of Sandblast by Vehumet.
  8703 | D:7      | Reached skill level 5 in Fighting
  9248 | D:8      | Reached skill level 5 in Dodging
  9327 | D:8      | Noticed a two-headed ogre
  9345 | D:8      | Killed a two-headed ogre
  9346 | D:8      | Reached skill level 8 in Spellcasting
  9346 | D:8      | Reached skill level 5 in Hexes
  9346 | D:8      | Reached XP level 10. HP: 81/81 MP: 18/22
  9626 | D:8      | Offered knowledge of Stone Arrow by Vehumet.
  9631 | D:8      | Learned a level 3 spell: Stone Arrow
  9676 | D:8      | Paralysed by a hornet for 3 turns
 10074 | D:8      | Reached *** piety under Vehumet
 11050 | D:9      | Got the Reference Book on Orientation and Stones
 11258 | D:9      | Reached skill level 1 in Short Blades
 11258 | D:9      | Reached skill level 1 in Long Blades
 11782 | D:9      | Offered knowledge of Conjure Flame by Vehumet.
 12010 | D:8      | HP: 4/81 [poisoned by a kobold brigand (curare-tipped
                  | dart)]
 12707 | D:9      | Reached XP level 11. HP: 71/86 MP: 7/23
 12709 | D:9      | Reached skill level 9 in Spellcasting
 12709 | D:9      | Reached skill level 5 in Necromancy
 12709 | D:9      | Reached skill level 5 in Earth Magic
 13091 | D:10     | Entered Level 10 of the Dungeon
 15043 | D:11     | Found a staircase to the Lair.
 15384 | D:11     | Reached **** piety under Vehumet
 16102 | D:11     | Lost mutation: You have large cloven feet. [potion of
                  | mutation]
 16102 | D:11     | Lost mutation: Your muscles are strong. (Str +4, Int/Dex
                  | -1) [potion of mutation]
 16102 | D:11     | Lost mutation: You passively map a small area around you.
                  | [potion of mutation]
 16102 | D:11     | Gained mutation: Your system is resistant to poisons.
                  | (rPois) [potion of mutation]
 16102 | D:11     | Gained mutation: You are agile. (Dex +4, Str/Int -1)
                  | [potion of mutation]
 16102 | D:11     | Gained mutation: Your tail ends in a venomous barb. [potion
                  | of mutation]
 16111 | Lair:1   | Entered Level 1 of the Lair of Beasts
 16172 | Lair:1   | Learned a level 4 spell: Flame Wave
 16175 | Lair:1   | Found a frozen archway.
 16195 | IceCv    | Entered an ice cave
 16223 | IceCv    | Demolished by an entropy weaver simulacrum

Illustrated notes

Levels and vault maps discovered:
D:1:      minmay_arrival_four_loops, layout_basic, item_on_display_a
D:2:      layout_loops_corners
D:3:      layout_loops_ring, grunt_temple_overflow_open, supply_closet_lemuel
D:4:      layout_loops_cross, led_sif_book, minivault_19
D:5:      layout_rooms, minmay_temple_entry_stoned_glass, roderic_batcave,
          chequers_serial_rivers_small_b, uniq_blork_the_orc
D:6:      layout_rooms, serial_co_window_serial, co_window_paths_b,
          co_window_corner_a, co_window_paths_a, co_window_paths_b,
          co_window_paths_a, co_window_of_opportunity_a, co_window_paths_a,
          co_window_corner_ca, co_window_corner_cb, co_window_2corner,
          co_window_4corner_a, glass_columns_c, glass_columns_b,
          glass_columns_a, glass_columns_b, glass_columns_b, minivault_10
D:7:      layout_loops_ring, mainiacjoe_overflow_chevrons
D:8:      layout_basic, minmay_joined_circles
D:9:      kennysheep_ambush_hall, layout_loops_corners, serial_glass,
          glass_columns_b, glass_columns_a
D:10:     layout_grid_maze
D:11:     layout_basic, lair_entry_dummy, minivault_26
Temple:   hellmonk_temple_divided_pantheon
Lair:1:   layout_regular_city, portal_ice_cave_entry_pillars_1,
          chequers_serial_rivers_micro_b
IceCv:    ice_cave_hellmonk_azure_passage

Skill      XL: |  1  2  3  4  5  6  7  8  9 10 11 |
---------------+----------------------------------+-----
Dodging        | 2 3 4 5 6 |  6.9
Stealth        | 2 3 4 |  4.0
Fighting       | 1 2 3 4 5 |  5.0
Spellcasting   | 3 5 6 7 8 9 |  9.6
Hexes          | 1 2 3 5 |  5.0
Conjurations   | 5 6 7 8 |  8.3
Fire Magic     | 1 2 4 |  4.0
Necromancy     | 1 3 4 5 |  5.9
Earth Magic    | 1 3 4 5 |  5.8
Short Blades   | 2 3 |  3.8
Long Blades    | 2 3 |  3.8

Action                   |  1- 3 |  4- 6 |  7- 9 | 10-12 || total
-------------------------+-------+-------+-------+-------++-------
Melee: Whip              |    39 |       |       |       ||    39
       Tailslap          |     5 |     4 |     1 |       ||    10
       Spear             |     5 |    44 |    28 |       ||    77
       Kick              |       |       |     7 |       ||     7
Throw: Boomerang         |       |     2 |       |       ||     2
 Cast: Magic Dart        |    29 |    21 |    46 |    34 ||   130
       Searing Ray       |    11 |    30 |    84 |    95 ||   220
       Scorch            |       |     4 |     8 |     7 ||    19
       Foxfire           |       |       |     2 |     1 ||     3
       Fulminant Prism   |       |       |     5 |    47 ||    52
       Borgnjor's Vile C |       |       |     1 |     1 ||     2
       Flame Wave        |       |       |       |     2 ||     2
  Use: Potion            |       |     6 |       |     2 ||     8
       Scroll            |       |       |       |    12 ||    12
 Stab: Sleeping          |     1 |     3 |       |       ||     4
Armor: Skin              |    21 |    29 |    42 |    39 ||   131
Dodge: Dodged            |    40 |    28 |    76 |   115 ||   259

Table legend: (Time is in decaauts)
 A = Elapsed time spent in this place.
 B = Non-inter-level travel time spent in this place.
 C = Inter-level travel time spent in this place.
 D = Time resting spent in this place.
 E = Time spent auto-exploring this place.
 F = Levels seen in this place.
 G = Mean time per level.
                   A        B        C        D        E       F      G
               +--------+--------+--------+--------+--------+-----+--------+
         Total |  16316 |  15487 |    829 |   3914 |   8130 |  14 | 1165.4 |
       Dungeon |  16165 |  15336 |    829 |   3902 |   8124 |  11 | 1469.5 |
        Temple |     44 |     44 |      0 |      0 |      6 |   1 |   44.0 |
          Lair |     79 |     79 |      0 |      0 |      0 |   1 |   79.0 |
      Ice Cave |     27 |     27 |      0 |     12 |      0 |   1 |   27.0 |
               +--------+--------+--------+--------+--------+-----+--------+

Top non-repeatable levels by time:
     D:8: 2366 daAuts
     D:9: 1663 daAuts
    D:10: 1658 daAuts
     D:4: 1536 daAuts
     D:2: 1507 daAuts
     D:7: 1452 daAuts
     D:3: 1364 daAuts
     D:6: 1299 daAuts
    D:11: 1224 daAuts
     D:1: 1178 daAuts
     D:5: 913 daAuts
  Lair:1: 79 daAuts
  Temple: 44 daAuts
   IceCv: 27 daAuts
